 Dungeon Crawl Stone Soup version 0.17-a0-1798-g879a7aa (webtiles) character file.

120 shakdrar the Skirmisher (level 5, -2/57 HPs)
             Began as an Ogre Berserker on Sept 10, 2015.
             Was a Believer of Trog.
             Slain by Crazy Yiuf
             ... wielding a +4 quarterstaff of chaos
              (11 damage)
             ... while paralysed by Crazy Yiuf
             ... on level 2 of the Dungeon.
             The game lasted 00:06:10 (1895 turns).

shakdrar the Skirmisher (Ogre Berserker)            Turns: 1895, Time: 00:06:11

Health: -2/57      AC:  4    Str: 22    XL:     5   Next: 4%
Magic:  5/5        EV:  1    Int:  6    God:    Trog [**....]
Gold:   132        SH:  0    Dex: 10    Spells: 0 memorised, 4 levels left

rFire  . . .     SeeInvis .     h - +3 mace
rCold  . . .     Clarity  .     b - +1 animal skin
rNeg   . . .     SustAt   .     (no shield)
rPois  .         Gourm    .     (helmet restricted)
rElec  .         Spirit   .     (no cloak)
rCorr  .         Warding  .     (gloves unavailable)
rMut   .         Stasis   .     (boots unavailable)
MR     .....                    (no amulet)
Stlth  +.........               (no ring)
                                (no ring)

@: paralysed, lethally poisoned (-2 -> -5), not resistant to hostile
enchantments, very unstealthy
A: unfitting armour, tough skin 1
a: Burn Spellbooks, Berserk, Trog's Hand, Renounce Religion


You were on level 2 of the Dungeon.
You worshipped Trog.
Trog was pleased with you.
You were full.

You visited 1 branch of the dungeon, and saw 2 of its levels.

You collected 132 gold pieces.

Inventory:

Hand weapons
 a - a +0 mace
 h - a +3 mace (weapon)
Armour
 b - a +1 animal skin (worn)
Jewellery
 e - a cursed ring of teleportation {unknown}
Scrolls
 i - a scroll of recharging
Potions
 j - a potion of ambrosia {unknown}
Comestibles
 c - 2 bread rations
 d - 8 fruits
 f - a meat ration


   Skills:
 + Level 5.1 Fighting
 + Level 4.9 Maces & Flails
 + Level 4.0 Dodging


You had 4 spell levels left.
You didn't know any spells.

Dungeon Overview and Level Annotations

Branches:
Dungeon (2/15)

Altars:
Fedhas

Annotations:
D:2 Crazy Yiuf


Innate Abilities, Weirdness & Mutations

You are too large for most types of armour.
You have tough skin (AC +1).


Message History

Crazy Yiuf is almost dead.
You feel sick.
Crazy Yiuf says, "Blight tired spinner!"
Crazy Yiuf hits you with a quarterstaff of chaos.
You closely miss Crazy Yiuf.
Crazy Yiuf is almost dead.
You feel sick.
Crazy Yiuf hits you with a quarterstaff of chaos!
You suddenly lose the ability to move!
Crazy Yiuf hits you but does no damage.
You feel sick.
You feel sick.
Crazy Yiuf hits you with a quarterstaff of chaos.
Crazy Yiuf hits you with a quarterstaff of chaos!
* * * LOW HITPOINT WARNING * * *
Crazy Yiuf freezes you.
* * * LOW HITPOINT WARNING * * *
You feel sick.
Crazy Yiuf hits you with a quarterstaff of chaos!
You die...

#..#
#.#
#..#
#.#
####
#.#
#.#
#####
#.#
#..)#
###.#
#...#
#...#
#.g.#
#####
*#@#*
♣♣.♣
♣.♣♣
♣♣.♣
♣.♣♣
♣♣.♣♣
♣...♣♣
♣.P..♣
#....#


You could see Crazy Yiuf.

Vanquished Creatures
  Jessica (D:2)
  Terence (D:2)
  An ooze (D:1)
  3 worms (D:2)
  3 giant geckos
  3 ball pythons (D:2)
  4 bats
  4 giant cockroaches
  7 hobgoblins
  8 jackals (D:2)
  6 kobolds (D:1)
  2 giant newts
  3 goblins
  6 rats
52 creatures vanquished.

Notes
Turn   | Place    | Note
--------------------------------------------------------------
     0 | D:1      | shakdrar the Ogre Berserker began the quest for the Orb.
     0 | D:1      | Reached XP level 1. HP: 24/24 MP: 1/1
   167 | D:1      | Reached XP level 2. HP: 29/33 MP: 2/2
   746 | D:1      | Reached XP level 3. HP: 36/40 MP: 3/3
   901 | D:1      | Acquired Trog's second power
  1403 | D:2      | Found a blossoming altar of Fedhas.
  1404 | D:2      | Noticed Jessica
  1409 | D:2      | Killed Jessica
  1409 | D:2      | Reached skill level 5 in Fighting
  1409 | D:2      | Reached XP level 4. HP: 40/50 MP: 4/4
  1441 | D:2      | Noticed Terence
  1464 | D:2      | Killed Terence
  1843 | D:2      | Reached XP level 5. HP: 57/57 MP: 5/5
  1879 | D:2      | Noticed Crazy Yiuf
  1890 | D:2      | Paralysed by Crazy Yiuf for 7 turns
  1895 | D:2      | Slain by Crazy Yiuf

Vault maps used:
D:1:      roderic_chinese_lattice_arrival, serial_forest,
          infiniplex_forest_clump_double, infiniplex_forest_straight_2,
          infiniplex_forest_end_1, infiniplex_forest_clump_small,
          infiniplex_forest_clump_long, infiniplex_forest_end_3,
          infiniplex_forest_corner_2, nrook_uturn, supply_closet_lemuel,
          wad_floor_pattern_2, grunt_decor_cap, kennysheep_another_room
D:2:      fedhas_altar_fruit_tree, uniq_crazy_yiuf_cottage, uniq_terence,
          uniq_jessica

Action                   |  1- 3 |  4- 6 || total
-------------------------+-------+-------++-------
Melee: Mace              |   159 |    62 ||   221
  Use: Scroll            |     8 |       ||     8
       Potion            |     3 |     1 ||     4
 Stab: Distracted        |       |     1 ||     1
  Eat: Beef jerky        |     1 |     1 ||     2
       Meat ration       |       |     1 ||     1
